[Event "ICC Open 2015"]
[Site "Internet Chess Club"]
[Date "2015.05.30"]
[Round "2"]
[White "FytinFrank"]
[Black "BlueGreen"]
[Result "1-0"]
[ICCResult "Black resigns"]
[WhiteElo "2053"]
[BlackElo "2549"]
[Opening "Vienna: Paulsen-Mieses variation"]
[ECO "C26"]
[NIC "VG.01"]
[Time "19:13:25"]
[TimeControl "180+0"]

1. e4 e5 2. Nc3 Nf6 3. g3 d5 4. exd5 c6 5. Bg2 cxd5 6. Nge2 d4 7. Ne4 Nxe4
8. Bxe4 f5 9. Bg2 Nc6 10. d3 Bb4+ 11. Bd2 Bxd2+ 12. Qxd2 O-O 13. O-O Be6 14.
f4 Bd5 15. fxe5 Nxe5 16. Nf4 Bxg2 17. Qxg2 Qd7 18. Rae1 Ng4 19. Ne6 Rf6 20.
Nc5 Qc6 21. Nxb7 Qxg2+ 22. Kxg2 Ne3+ 23. Rxe3 dxe3 24. Nc5 Rc8 25. d4 g5 26.
c3 f4 27. Nd7 e2 28. Re1 f3+ 29. Kf2 Rf5 30. Ne5 h5 31. g4 hxg4 32. Nxg4 Rb8
33. Nh6+ Kh7 34. Nxf5 Kg6 35. Ne3 Rf8 36. Ng4 Kh5 37. h3 Kh4 38. Ne5 Rf5 39.
Nxf3+ Kxh3 40. Kxe2 g4 41. Ne5 g3 42. Rg1 Rf2+ 43. Ke3 Rxb2 44. a4 g2 45.
Nf3 Rc2 46. Kd3 Rf2 47. Ne1 Rf1 48. Rxg2 Rxe1 49. Rd2 Kg4 50. d5 Kf5 51. c4
Ke5 52. Re2+ {Black resigns} 1-0

[Event "ICC Open 2015"]
[Site "Internet Chess Club"]
[Date "2015.05.30"]
[Round "2"]
[White "ghorok"]
[Black "Mastercito"]
[Result "0-1"]
[ICCResult "White resigns"]
[WhiteElo "1686"]
[BlackElo "2010"]
[Opening "QGD Slav defense: exchange variation"]
[ECO "D13"]
[NIC "SL.01"]
[Time "19:13:01"]
[TimeControl "180+0"]

1. d4 d5 2. c4 c6 3. cxd5 cxd5 4. Nc3 Nf6 5. Nf3 g6 6. Bf4 Bg7 7. e3 Qb6 8.
Qc2 Bf5 9. Qd2 O-O 10. Be2 Nc6 11. O-O Rac8 12. Na4 Qb4 13. Qxb4 Nxb4 14. a3
Bd3 15. Nc3 Bxe2 16. Nxe2 Nc6 17. Rac1 Ne4 18. Nc3 Nxc3 19. Rxc3 Na5 20.
Rfc1 Rc6 21. Rxc6 Nxc6 22. Rc3 e6 23. Nd2 Rc8 24. Nb3 e5 25. dxe5 Re8 26.
Rd3 Nxe5 27. Bxe5 Bxe5 28. Rxd5 Bxb2 29. Rd7 Bxa3 30. Rxb7 a6 31. Ra7 Rb8
32. Nd2 Bb4 33. Nf3 Bc5 {White resigns} 0-1

[Event "ICC Open 2015"]
[Site "Internet Chess Club"]
[Date "2015.05.30"]
[Round "2"]
[White "VerdeNotte"]
[Black "Philidor"]
[Result "1-0"]
[ICCResult "Black checkmated"]
[WhiteElo "2897"]
[BlackElo "2203"]
[Opening "Sicilian: closed, 2...Nc6"]
[ECO "B23"]
[NIC "SI.44"]
[Time "19:12:54"]
[TimeControl "180+0"]

1. e4 c5 2. Nc3 Nc6 3. Bb5 Nd4 4. Nf3 g6 5. Bc4 Bg7 6. Nxd4 cxd4 7. Qf3 e6
8. Nb5 d6 9. Qa3 Be5 10. c3 dxc3 11. d4 cxb2 12. Bxb2 Bf6 13. Nxd6+ Kf8 14.
Nxc8+ Kg7 15. Nd6 Ne7 16. O-O Nc6 17. e5 Be7 18. d5 Na5 19. Qf3 Rf8 20. dxe6
fxe6 21. Qg4 Nxc4 22. Qxc4 Qd7 23. Rac1 Rad8 24. Qc7 Kg8 25. Nxb7 Qxc7 26.
Rxc7 Rd2 27. Rxe7 Rxb2 28. Nc5 Rxa2 29. Nxe6 Rc8 30. Ng5 a5 31. Ne4 a4 32.
Nf6+ Kf8 33. Rxh7 a3 34. e6 Re2 35. Rf7# {Black checkmated} 1-0

[Event "ICC Open 2015"]
[Site "Internet Chess Club"]
[Date "2015.05.30"]
[Round "2"]
[White "Mighty-Penguin"]
[Black "daddyo"]
[Result "1-0"]
[ICCResult "Black resigns"]
[WhiteElo "2022"]
[BlackElo "1453"]
[Opening "Modern defense"]
[ECO "A40"]
[NIC "QO.17"]
[Time "19:15:00"]
[TimeControl "180+0"]

1. d4 g6 2. c4 Bg7 3. Nc3 e6 4. Nf3 Ne7 5. Bg5 b6 6. e3 O-O 7. Be2 h6 8. Bh4
Kh7 9. O-O Qe8 10. Qc2 Bb7 11. e4 a6 12. d5 exd5 13. exd5 Nf5 14. Bd3 Nd4
15. Nxd4 Bxd4 16. Rae1 Qc8 17. Re7 d6 18. Bxg6+ Kg7 19. Bf5 Qd8 20. Rxf7+
Rxf7 21. Bxd8 {Black resigns} 1-0

[Event "ICC Open 2015"]
[Site "Internet Chess Club"]
[Date "2015.05.30"]
[Round "2"]
[White "truufseir"]
[Black "NachoAverageKid"]
[Result "0-1"]
[ICCResult "White checkmated"]
[WhiteElo "1600"]
[BlackElo "2198"]
[Opening "French: classical, Steinitz variation"]
[ECO "C14"]
[NIC "FR.06"]
[Time "19:13:17"]
[TimeControl "180+0"]

1. e4 e6 2. d4 d5 3. Nc3 Nf6 4. Bg5 Be7 5. e5 Nfd7 6. Bxe7 Qxe7 7. f4 O-O 8.
Nf3 c5 9. dxc5 Nc6 10. Bd3 f6 11. exf6 Qxf6 12. g3 Nxc5 13. O-O Bd7 14. Kg2
Be8 15. Qe2 Bh5 16. Qd2 Bxf3+ 17. Rxf3 Rad8 18. Ne2 e5 19. Bb5 e4 20. Ra3
Qxb2 21. Qc3 Qxb5 22. Nd4 Nxd4 23. Qxd4 Qe2+ 24. Kh3 Rf6 25. g4 Ne6 26. Qe3
Rh6+ 27. Kg3 Qxh2# {White checkmated} 0-1

[Event "ICC Open 2015"]
[Site "Internet Chess Club"]
[Date "2015.05.30"]
[Round "2"]
[White "Ernani"]
[Black "Poporovitch"]
[Result "1-0"]
[ICCResult "Black resigns"]
[WhiteElo "2627"]
[BlackElo "2027"]
[Opening "English: symmetrical variation"]
[ECO "A37"]
[NIC "EO.28"]
[Time "19:13:52"]
[TimeControl "180+0"]

1. Nf3 c5 2. c4 Nc6 3. g3 g6 4. Bg2 Bg7 5. Nc3 e6 6. d3 Nge7 7. Bg5 O-O 8.
O-O d5 9. a3 a6 10. Rb1 Qd6 11. Qc1 f6 12. Bd2 d4 13. Ne4 Qc7 14. Nxc5 e5
15. b4 b6 16. Nb3 Bb7 17. a4 Rac8 18. b5 Nb8 19. a5 axb5 20. cxb5 bxa5 21.
Bxa5 Qd7 22. Qa3 f5 23. Nc5 Qd5 24. Nxb7 Qxb7 25. Nxd4 {Black resigns} 1-0

[Event "ICC Open 2015"]
[Site "Internet Chess Club"]
[Date "2015.05.30"]
[Round "2"]
[White "zagor"]
[Black "isodung"]
[Result "0-1"]
[ICCResult "White checkmated"]
[WhiteElo "2130"]
[BlackElo "2800"]
[Opening "QGD: Tarrasch, Prague variation, 9.Bg5"]
[ECO "D34"]
[NIC "TD.03"]
[Time "19:13:00"]
[TimeControl "180+0"]

1. d4 e6 2. c4 d5 3. Nc3 c5 4. cxd5 exd5 5. Nf3 Nc6 6. g3 Nf6 7. Bg2 Be7 8.
O-O O-O 9. Bg5 cxd4 10. Nxd4 h6 11. Be3 Be6 12. Rc1 Qd7 13. Nxe6 fxe6 14.
Na4 Rac8 15. Nc5 Bxc5 16. Bxc5 Rfd8 17. Bh3 Qf7 18. Re1 Ne4 19. f3 Nxc5 20.
Rxc5 Qf6 21. Qd2 Re8 22. Rec1 Rcd8 23. a3 a6 24. b4 Qe5 25. a4 Kh8 26. b5
axb5 27. axb5 Nd4 28. Kf2 Nb3 29. Qf4 Qxf4 30. gxf4 Nxc1 31. Rxc1 Re7 32. b6
g6 33. Rc5 Kg7 34. Ke3 Rd6 35. Rb5 Kf6 36. Kd4 Rc6 37. Rb4 Re8 38. e4 dxe4
39. fxe4 Rd8+ 40. Ke3 e5 41. fxe5+ Kxe5 42. Rb5+ Kf6 43. Kf4 g5+ 44. Kg4 Kg6
45. Bg2 Rc3 46. Rd5 h5# {White checkmated} 0-1

[Event "ICC Open 2015"]
[Site "Internet Chess Club"]
[Date "2015.05.30"]
[Round "2"]
[White "franco"]
[Black "kurka56"]
[Result "0-1"]
[ICCResult "White resigns"]
[WhiteElo "1254"]
[BlackElo "1803"]
[Opening "Queen's pawn game"]
[ECO "D00"]
[NIC "QP.08"]
[Time "19:13:30"]
[TimeControl "180+0"]

1. d4 d5 2. e3 e6 3. Bd3 Nf6 4. Nd2 c5 5. c3 cxd4 6. exd4 Nc6 7. f4 Be7 8.
Ngf3 O-O 9. O-O Bd7 10. Kh1 a6 11. Ne5 b5 12. a3 Na5 13. Qf3 Nc4 14. Ndxc4
bxc4 15. Bc2 Rb8 16. Rb1 Qe8 17. Be3 Ba4 18. Rf2 Bxc2 19. Rxc2 Ne4 20. g4 f6
21. Qh3 fxe5 22. fxe5 Qg6 23. Rg2 Ng5 24. Qg3 Qxb1+ 25. Rg1 Qe4+ 26. Rg2 Rf3
27. Qe1 Rxe3 28. Qf1 Re1 {White resigns} 0-1

[Event "ICC Open 2015"]
[Site "Internet Chess Club"]
[Date "2015.05.30"]
[Round "2"]
[White "RaiseTheCurve"]
[Black "orak"]
[Result "1-0"]
[ICCResult "Black checkmated"]
[WhiteElo "1939"]
[BlackElo "1584"]
[Opening "Van't Kruijs opening"]
[ECO "A00"]
[Time "19:13:34"]
[TimeControl "180+0"]

1. e3 g6 2. f4 Bg7 3. Nf3 d6 4. d4 c6 5. Bd3 f5 6. Nbd2 Nf6 7. c3 O-O 8. Qc2
h6 9. b3 Qe8 10. Bb2 Nbd7 11. h3 Nd5 12. Nf1 e5 13. c4 N5b6 14. dxe5 dxe5
15. fxe5 Nxe5 16. Nxe5 Bxe5 17. O-O-O Bd7 18. e4 fxe4 19. Bxe4 Bf5 20. Bxf5
Rxf5 21. g4 Rf6 22. h4 Bf4+ 23. Kb1 Re6 24. h5 g5 25. Nd2 Re2 26. Qc3 Rd8
27. Qg7# {Black checkmated} 1-0

[Event "ICC Open 2015"]
[Site "Internet Chess Club"]
[Date "2015.05.30"]
[Round "2"]
[White "dogbolter"]
[Black "ElMarginal"]
[Result "1-0"]
[ICCResult "Black resigns"]
[WhiteElo "1866"]
[BlackElo "1430"]
[Opening "QGD: Marshall defense"]
[ECO "A50"]
[NIC "QP.07"]
[Time "19:13:45"]
[TimeControl "180+0"]

1. d4 Nf6 2. c4 d5 3. cxd5 Nxd5 4. Nf3 Nc6 5. e4 Nb6 6. d5 Nb8 7. Nc3 Bd7 8.
Bd3 e6 9. O-O exd5 10. exd5 Bd6 11. Re1+ Be7 12. Bg5 f6 13. Bf4 O-O 14. Qc2
f5 15. Nd4 Bb4 16. Ne6 Bxe6 17. dxe6 Bxc3 18. e7 Bxe1 19. exd8=Q Bxf2+ 20.
Kxf2 Rxd8 21. Bxf5 Nc6 22. Kg1 Kh8 23. Bxc7 Rd5 24. Bxb6 axb6 25. Be4 Nd4
26. Qf2 Rd7 27. Bxb7 Rad8 28. Rf1 Ne6 29. Be4 g6 30. Qf6+ Kg8 {Black
resigns} 1-0

[Event "ICC Open 2015"]
[Site "Internet Chess Club"]
[Date "2015.05.30"]
[Round "2"]
[White "ALexiz"]
[Black "jewels2"]
[Result "1-0"]
[ICCResult "Black checkmated"]
[WhiteElo "1812"]
[BlackElo "1308"]
[Opening "Budapest defense declined"]
[ECO "A51"]
[NIC "QG.01"]
[Time "19:13:18"]
[TimeControl "180+0"]

1. d4 Nf6 2. c4 e5 3. d5 Bc5 4. e3 d6 5. g3 O-O 6. Bg2 Bf5 7. Nc3 c6 8. Nf3
Qa5 9. O-O Bd3 10. Qxd3 e4 11. Nxe4 Nxe4 12. Qxe4 cxd5 13. cxd5 Nd7 14. Bd2
Qb6 15. Bc3 f5 16. Qe6+ Rf7 17. Ng5 Rf8 18. Nxf7 Rxf7 19. e4 fxe4 20. Bxe4
Nf8 21. Kg2 Nxe6 22. dxe6 Re7 23. Bd5 Bd4 24. Bxd4 Qxd4 25. Bb3 Qxb2 26.
Rad1 Qe5 27. Rd5 Qe4+ 28. Kg1 b6 29. Rxd6 Qe5 30. Rd8+ Re8 31. Rxe8#
{Black checkmated}
1-0

[Event "ICC Open 2015"]
[Site "Internet Chess Club"]
[Date "2015.05.30"]
[Round "2"]
[White "guchess"]
[Black "Darnoc"]
[Result "0-1"]
[ICCResult "White checkmated"]
[WhiteElo "2293"]
[BlackElo "3038"]
[Opening "Queen's pawn game"]
[ECO "D00"]
[NIC "QP.08"]
[Time "19:13:26"]
[TimeControl "180+0"]

1. d4 d5 2. Nd2 Nf6 3. Ngf3 Bf5 4. g3 e6 5. Bg2 h6 6. O-O c6 7. c4 Nbd7 8.
b3 Bd6 9. Bb2 Qb8 10. Re1 Bh7 11. Rc1 O-O 12. c5 Bc7 13. b4 a5 14. a3 b5 15.
h3 axb4 16. axb4 Ra4 17. Qb3 Qa7 18. Ra1 Ra8 19. Rxa4 Qxa4 20. Qxa4 Rxa4 21.
Bc3 Ra2 22. Ra1 Rc2 23. Ra8+ Nf8 24. Ra3 Ne4 25. Nxe4 Bxe4 26. Ne1 Rc1 27.
Bxe4 dxe4 28. e3 Ng6 29. Kf1 Ne7 30. Ke2 Rb1 31. Ra7 Nd5 32. Bd2 Kf8 33. Ra6
Ke8 34. Rxc6 Ra1 35. f3 f5 36. g4 Kd7 37. Rb6 Bxb6 38. cxb6 Nxb6 39. fxe4
fxe4 40. Ng2 Nc4 41. Be1 Ra2+ 42. Kf1 g5 43. Bf2 Kc7 44. h4 Kc6 45. h5 Nd2+
46. Kg1 Nf3+ 47. Kf1 Kd5 48. Bg3 Kc4 49. Ne1 Nxe1 50. Kxe1 Kd3 51. Be5 Kxe3
52. Kd1 Kd3 53. Bg7 Ra1# {White checkmated} 0-1

[Event "ICC Open 2015"]
[Site "Internet Chess Club"]
[Date "2015.05.30"]
[Round "2"]
[White "VoltesV"]
[Black "jonesey"]
[Result "0-1"]
[ICCResult "White checkmated"]
[WhiteElo "1566"]
[BlackElo "1929"]
[Opening "English: symmetrical, Benoni formation"]
[ECO "A31"]
[NIC "EO.46"]
[Time "19:13:42"]
[TimeControl "180+0"]

1. d4 Nf6 2. c4 c5 3. Nf3 cxd4 4. Nxd4 e5 5. Nb5 d5 6. N1c3 d4 7. Nb1 Ne4 8.
Bd2 Nxd2 9. Nxd2 a6 10. Na3 Bb4 11. Qa4+ Nc6 12. O-O-O Bf5 13. e4 Bxd2+ 14.
Rxd2 Bxe4 15. f3 Bg6 16. Bd3 Qg5 17. Be4 O-O 18. Bxc6 bxc6 19. Qxc6 Rfc8 20.
Qa4 Rc5 21. h4 Qe3 22. Qd1 Rac8 23. Re1 Rxc4+ 24. Nxc4 Rxc4+ 25. Qc2 Rxc2+
26. Kb1 Qxe1+ 27. Rd1 Qxd1# {White checkmated} 0-1

[Event "ICC Open 2015"]
[Site "Internet Chess Club"]
[Date "2015.05.30"]
[Round "2"]
[White "a-rubinstein"]
[Black "RafaNadal"]
[Result "0-1"]
[ICCResult "White resigns"]
[WhiteElo "2139"]
[BlackElo "2826"]
[Opening "QGD Slav: 3.Nf3"]
[ECO "D11"]
[NIC "QP.08"]
[Time "19:13:07"]
[TimeControl "180+0"]

1. d4 d5 2. Nf3 c6 3. c4 e6 4. cxd5 exd5 5. Bf4 Nf6 6. Nc3 Bf5 7. e3 Bd6 8.
Bxd6 Qxd6 9. Be2 O-O 10. O-O Nbd7 11. a3 a5 12. h3 Rfe8 13. Rc1 h6 14. Re1
Ne4 15. Nd2 Nxc3 16. Rxc3 Nf6 17. Bd3 Bxd3 18. Rxd3 a4 19. Nf3 Ne4 20. Qc2
f6 21. Rc1 g5 22. Nd2 h5 23. f3 Ng3 24. Nf1 Kg7 25. Qf2 Nf5 26. Re1 Re7 27.
e4 Rae8 28. Nd2 Qf4 29. Rc3 h4 30. Rcc1 Ng3 31. e5 fxe5 32. dxe5 Rxe5 33.
Rxe5 Qxe5 34. Nf1 Ne2+ {White resigns} 0-1

[Event "ICC Open 2015"]
[Site "Internet Chess Club"]
[Date "2015.05.30"]
[Round "2"]
[White "slothchess"]
[Black "x22"]
[Result "1-0"]
[ICCResult "Black checkmated"]
[WhiteElo "1801"]
[BlackElo "2454"]
[Opening "French defense"]
[ECO "C01"]
[NIC "FR.01"]
[Time "19:13:39"]
[TimeControl "180+0"]

1. e4 e6 2. d4 c5 3. c3 d5 4. exd5 exd5 5. Nf3 Nc6 6. Be2 Nf6 7. O-O h6 8.
h3 Bd6 9. Be3 O-O 10. dxc5 Bc7 11. Nbd2 Re8 12. Nb3 Bf5 13. Nbd4 Be4 14.
Nxc6 bxc6 15. Nd4 Qd7 16. Bg4 Nxg4 17. hxg4 Rab8 18. f3 Bg6 19. Qd2 Rxb2 20.
Qxb2 Rxe3 21. Rae1 Qe7 22. Rxe3 Qxe3+ 23. Qf2 Qxc3 24. Nxc6 Qf6 25. Nd4 h5
26. gxh5 Bxh5 27. g4 Bg6 28. Kg2 Qf4 29. Rh1 Bd3 30. a4 a5 31. Nb5 Be5 32.
c6 Bc4 33. c7 Bxc7 34. Nxc7 Qxc7 35. Qh4 f6 36. Qh8+ Kf7 37. Rh7 Kg6 38.
Rxg7+ Qxg7 39. Qh5# {Black checkmated} 1-0

[Event "ICC Open 2015"]
[Site "Internet Chess Club"]
[Date "2015.05.30"]
[Round "2"]
[White "h13"]
[Black "RobbieWilliams"]
[Result "1-0"]
[ICCResult "Black checkmated"]
[WhiteElo "2490"]
[BlackElo "1769"]
[Opening "Benoni defense"]
[ECO "A61"]
[NIC "QI.01"]
[Time "19:14:00"]
[TimeControl "180+0"]

1. d4 Nf6 2. c4 e6 3. Nf3 c5 4. d5 exd5 5. cxd5 d6 6. Nc3 g6 7. Qa4+ Bd7 8.
Qb3 Qc8 9. Bf4 Nh5 10. Bg5 f6 11. Bd2 a6 12. a4 b6 13. e3 Qc7 14. h3 Bh6 15.
g4 Ng7 16. Bc4 O-O 17. Rg1 Ne8 18. h4 Bg7 19. h5 Ra7 20. Qc2 g5 21. h6 Bxh6
22. Rh1 Kg7 23. O-O-O Bxg4 24. Rxh6 Kxh6 25. Rh1+ Bh5 26. Be2 Ng7 27. Ne4
Nd7 28. Ng3 Qd8 29. Nd4 Qe8 30. Ndf5+ Nxf5 31. Nxf5+ Kg6 32. Bxh5#
{Black checkmated}
1-0

[Event "ICC Open 2015"]
[Site "Internet Chess Club"]
[Date "2015.05.30"]
[Round "2"]
[White "jjosu"]
[Black "Kastor"]
[Result "0-1"]
[ICCResult "White resigns"]
[WhiteElo "2197"]
[BlackElo "2905"]
[Opening "Sicilian: Richter-Rauzer"]
[ECO "B60"]
[NIC "SI.27"]
[Time "19:13:12"]
[TimeControl "180+0"]

1. e4 c5 2. Nf3 d6 3. d4 cxd4 4. Nxd4 Nf6 5. Nc3 Nc6 6. Bg5 Qb6 7. Nb3 e6 8.
Qd2 a6 9. O-O-O Qc7 10. f3 Be7 11. g4 Rb8 12. h4 b5 13. Kb1 O-O 14. h5 b4
15. Ne2 Ne5 16. Ned4 Rd8 17. Bxf6 Bxf6 18. g5 Be7 19. f4 Nc4 20. Bxc4 Qxc4
21. g6 Bf6 22. gxf7+ Kxf7 23. Qf2 Qc7 24. Rhe1 Kg8 25. Qg3 e5 26. Nf3 Kh8
27. fxe5 dxe5 28. Rxd8+ Qxd8 29. h6 Qe7 30. hxg7+ Qxg7 31. Qh2 Bg4 32. Rg1
Rg8 33. Nh4 Qe7 34. Nf5 Bxf5 35. exf5 Rxg1+ 36. Qxg1 e4 37. Nc5 e3 38. Ne6
Qa7 39. Qg4 e2 40. Qg3 Qd7 41. Qb8+ Qd8 {White resigns} 0-1

[Event "ICC Open 2015"]
[Site "Internet Chess Club"]
[Date "2015.05.30"]
[Round "2"]
[White "aplusk"]
[Black "mvillalba"]
[Result "1-0"]
[ICCResult "Black resigns"]
[WhiteElo "2938"]
[BlackElo "2239"]
[Opening "Réti: King's Indian attack"]
[ECO "A05"]
[NIC "KI.66"]
[Time "19:13:15"]
[TimeControl "180+0"]

1. Nf3 Nf6 2. g3 g6 3. b3 Bg7 4. Bb2 O-O 5. Bg2 c5 6. c4 Nc6 7. O-O d6 8. d4
a6 9. d5 Na5 10. Nfd2 Rb8 11. Qc2 b5 12. Nc3 bxc4 13. bxc4 Bh6 14. e3 e6 15.
Nce4 Nxe4 16. Nxe4 e5 17. Rab1 f5 18. Nd2 Bd7 19. Bc3 Nb7 20. Rfe1 Qc7 21.
Qb3 Bc8 22. Qb6 Qxb6 23. Rxb6 Ra8 24. Reb1 Rf7 25. h4 Bg7 26. h5 Bf6 27.
hxg6 hxg6 28. f4 Bd8 29. fxe5 Bxb6 30. Rxb6 Rd7 31. e6 Rh7 32. e4 fxe4 33.
Nxe4 Rh6 34. Nxd6 Nxd6 35. Rxd6 Rb8 36. Rd8+ {Black resigns} 1-0

[Event "ICC Open 2015"]
[Site "Internet Chess Club"]
[Date "2015.05.30"]
[Round "2"]
[White "Bravado"]
[Black "druskacik"]
[Result "0-1"]
[ICCResult "White resigns"]
[WhiteElo "1574"]
[BlackElo "2475"]
[Opening "Queen's pawn game"]
[ECO "A46"]
[NIC "QP.05"]
[Time "19:13:17"]
[TimeControl "180+0"]

1. d4 Nf6 2. Nf3 e6 3. Bf4 c5 4. e3 Qb6 5. Nc3 cxd4 6. Nxd4 Bb4 7. Nb5 Nd5
8. Be5 O-O 9. Bc4 Nc6 10. Bxd5 Nxe5 11. Bb3 Qxb5 12. Qd4 Qc5 13. Qxc5 Bxc5
14. O-O-O b6 15. Ne4 d5 16. Nxc5 bxc5 17. e4 dxe4 18. Rhe1 Bb7 19. f4 Ng6
20. g3 Rfd8 21. Re3 Kf8 22. c3 Rxd1+ 23. Kxd1 Rd8+ 24. Ke2 Ne7 25. Bc2 Nf5
26. Bxe4 Nxe3 {White resigns} 0-1

[Event "ICC Open 2015"]
[Site "Internet Chess Club"]
[Date "2015.05.30"]
[Round "2"]
[White "MichaelBluth"]
[Black "LastKeks"]
[Result "0-1"]
[ICCResult "White resigns"]
[WhiteElo "2342"]
[BlackElo "3118"]
[Opening "King's Indian: East Indian defense"]
[ECO "A48"]
[NIC "QP.06"]
[Time "19:13:39"]
[TimeControl "180+0"]

1. Nf3 Nf6 2. d4 g6 3. Nc3 d5 4. Bf4 Bg7 5. e3 O-O 6. Ne5 c5 7. Be2 Nc6 8.
h4 cxd4 9. exd4 Qb6 10. Nxc6 bxc6 11. Na4 Qa5+ 12. c3 Ne4 13. f3 Nd6 14. h5
Re8 15. b4 Qd8 16. Qd2 a5 17. Bh6 Bf6 18. bxa5 Rxa5 19. Nb2 e5 20. hxg6 hxg6
21. dxe5 Rxe5 22. Nd3 Nc4 23. Qf4 Rf5 24. Qh2 Bxc3+ 25. Kf2 Rh5 26. Qg3 Qb6+
{White resigns}
0-1

[Event "ICC Open 2015"]
[Site "Internet Chess Club"]
[Date "2015.05.30"]
[Round "2"]
[White "Jgabeckman"]
[Black "iragefree"]
[Result "0-1"]
[ICCResult "White forfeits on time"]
[WhiteElo "1310"]
[BlackElo "1845"]
[Opening "Sicilian: Scheveningen, 6.Be2"]
[ECO "B83"]
[NIC "SI.19"]
[Time "19:13:58"]
[TimeControl "180+0"]

1. e4 c5 2. Nf3 e6 3. d4 cxd4 4. Nxd4 Nf6 5. Nc3 d6 6. Be2 Be7 7. O-O O-O 8.
Be3 Nc6 9. Kh1 a6 10. f3 Qc7 11. Rc1 b5 12. Qe1 Bb7 13. Qg3 Rfc8 14. Rfe1 b4
15. Nd1 Bf8 {White forfeits on time} 0-1

[Event "ICC Open 2015"]
[Site "Internet Chess Club"]
[Date "2015.05.30"]
[Round "2"]
[White "El-Flippo"]
[Black "Acerook"]
[Result "0-1"]
[ICCResult "White checkmated"]
[WhiteElo "1404"]
[BlackElo "1890"]
[Opening "French defense"]
[ECO "C00"]
[NIC "FR.01"]
[Time "19:13:53"]
[TimeControl "180+0"]

1. e4 e6 2. Nf3 d5 3. e5 c5 4. c4 Nc6 5. d3 dxc4 6. dxc4 Qxd1+ 7. Kxd1 Nge7
8. Bf4 Ng6 9. Bg3 Be7 10. h4 h5 11. Nc3 a6 12. Ne4 Bd7 13. Nd6+ Bxd6 14.
exd6 O-O-O 15. Ng5 Rhf8 16. Be2 f6 17. Ne4 Nge5 18. Bxh5 Nxc4 19. Kc2 e5 20.
Nxc5 Bf5+ 21. Kc3 Nxd6 22. Rhd1 Nb5+ 23. Kb3 Ncd4+ 24. Kc4 Nd6+ 25. Kc3 Kb8
26. b4 Ka7 27. a4 b6 28. Nb3 Rc8+ 29. Kb2 Rc2+ 30. Ka3 Nc4# {White
checkmated} 0-1

[Event "ICC Open 2015"]
[Site "Internet Chess Club"]
[Date "2015.05.30"]
[Round "2"]
[White "CrossShark"]
[Black "zelog"]
[Result "0-1"]
[ICCResult "White resigns"]
[WhiteElo "2647"]
[BlackElo "2072"]
[Opening "French: Winawer (Nimzovich) variation"]
[ECO "C15"]
[NIC "FR.08"]
[Time "19:13:05"]
[TimeControl "180+0"]

1. e4 e6 2. d4 d5 3. Nc3 Bb4 4. Bd3 dxe4 5. Bxe4 Nf6 6. Bd3 O-O 7. Nf3 c5 8.
dxc5 Bxc5 9. O-O Bd7 10. Ng5 h6 11. Nge4 Nxe4 12. Nxe4 Be7 13. Qf3 Bc6 14.
Qg3 Kh8 15. Bd2 Nd7 16. Rad1 Qb6 17. Bc3 Nf6 18. Qh4 Bxe4 19. Bxe4 Rad8 20.
Bd3 Rd5 21. Rde1 Rfd8 22. Re3 Rh5 23. Qa4 a6 24. Rg3 Bd6 25. Bxf6 Bxg3 26.
hxg3 gxf6 27. Qg4 Rg5 28. Qh4 Kg7 29. b3 Qd4 30. Qh3 f5 31. Re1 Qg4 32. Qxg4
fxg4 33. Re4 h5 34. Rb4 b5 35. a4 Rdd5 36. a5 Rd6 37. Re4 Rgd5 38. Re3 f5
39. Kf1 Kf6 40. Re1 e5 41. Ke2 e4 42. c4 Rxd3 43. cxb5 axb5 44. Ra1 Rxb3 45.
a6 Rd8 46. Ra3 Rxa3 {White resigns} 0-1

[Event "ICC Open 2015"]
[Site "Internet Chess Club"]
[Date "2015.05.30"]
[Round "2"]
[White "saya"]
[Black "StarShip32"]
[Result "1-0"]
[ICCResult "Black checkmated"]
[WhiteElo "2519"]
[BlackElo "2007"]
[Opening "QGD: Ragozin variation"]
[ECO "D38"]
[NIC "NI.27"]
[Time "19:13:04"]
[TimeControl "180+0"]

1. d4 Nf6 2. Nf3 d5 3. c4 e6 4. Nc3 Bb4 5. cxd5 exd5 6. Bg5 O-O 7. Qc2 c6 8.
e3 Bg4 9. Ne5 Bh5 10. Bd3 Bg6 11. Nxg6 hxg6 12. O-O Nbd7 13. Rad1 Re8 14.
Rfe1 Be7 15. a3 a5 16. f3 Nf8 17. Bh4 Ne6 18. Bf2 c5 19. Bb5 Rf8 20. dxc5
Bxc5 21. Qb3 d4 22. Na4 Ba7 23. Bc4 Qe7 24. exd4 b5 25. Qxb5 Rfb8 26. Qe5
Nd7 27. Qe2 Qd6 28. Bxe6 fxe6 29. Qxe6+ Qxe6 30. Rxe6 Kf7 31. d5 Bxf2+ 32.
Kxf2 Rb5 33. Rc6 Re8 34. Rd2 Ne5 35. Rc7+ Kf6 36. d6 Rd8 37. Nc3 Rb3 38.
Ne4+ Kf5 39. Re7 Nc4 40. Rd5+ Kf4 41. g3# {Black checkmated} 1-0

[Event "ICC Open 2015"]
[Site "Internet Chess Club"]
[Date "2015.05.30"]
[Round "2"]
[White "rovov"]
[Black "pagoda"]
[Result "0-1"]
[ICCResult "White resigns"]
[WhiteElo "1583"]
[BlackElo "1943"]
[Opening "Réti opening"]
[ECO "A11"]
[NIC "QP.09"]
[Time "19:13:16"]
[TimeControl "180+0"]

1. Nf3 d5 2. c4 c6 3. e3 Nf6 4. Nc3 e6 5. b3 a6 6. Bb2 Be7 7. Be2 O-O 8. O-O
Nbd7 9. d4 c5 10. dxc5 Nxc5 11. cxd5 exd5 12. Rc1 b5 13. Qc2 Bg4 14. h3 Bh5
15. Rfd1 Rc8 16. Qb1 Bg6 17. Qa1 b4 18. Na4 Nxa4 19. bxa4 Qa5 20. Ne5 Qxa4
21. Nxg6 hxg6 22. Qb1 Rxc1 23. Rxc1 Ne4 24. Rd1 Rd8 25. Bf3 Nc3 26. Bxc3
bxc3 27. Rxd5 Rxd5 28. Bxd5 c2 29. Qc1 Ba3 30. Bb3 Qxb3 31. Qd2 c1=Q+ 32.
Qxc1 Bxc1 {White resigns} 0-1

[Event "ICC Open 2015"]
[Site "Internet Chess Club"]
[Date "2015.05.30"]
[Round "2"]
[White "smoothg"]
[Black "a-man"]
[Result "1-0"]
[ICCResult "Black checkmated"]
[WhiteElo "1891"]
[BlackElo "1470"]
[Opening "Scotch gambit: Dubois-Réti defense"]
[ECO "C55"]
[NIC "KP.02"]
[Time "19:13:11"]
[TimeControl "180+0"]

1. e4 e5 2. Nf3 Nc6 3. Bc4 Nf6 4. d4 exd4 5. e5 Qe7 6. O-O g6 7. exf6 Qxf6
8. Bg5 Qd6 9. Re1+ Be7 10. Nbd2 O-O 11. Ne4 Qb4 12. Bb3 Bxg5 13. Nfxg5 Na5
14. Qf3 Nxb3 15. axb3 Kg7 16. Qf6+ Kh6 17. Nxf7+ Rxf7 18. Qxf7 d3 19. Nf6
dxc2 20. Qxh7+ Kg5 21. Ne4+ Kf5 22. Qf7+ Ke5 23. Nc3+ Qe4 24. Rxe4+ Kd6 25.
Qd5# {Black checkmated} 1-0

[Event "ICC Open 2015"]
[Site "Internet Chess Club"]
[Date "2015.05.30"]
[Round "2"]
[White "Theorist"]
[Black "chessrex"]
[Result "0-1"]
[ICCResult "White resigns"]
[WhiteElo "1671"]
[BlackElo "2076"]
[Opening "Philidor: López counter-gambit"]
[ECO "C41"]
[NIC "KP.10"]
[Time "19:13:25"]
[TimeControl "180+0"]

1. e4 e5 2. Nf3 d6 3. Bc4 f5 4. d3 Nc6 5. O-O Na5 6. Bb3 Nf6 7. Nc3 Nxb3 8.
axb3 Be7 9. Nd5 Nxd5 10. exd5 O-O 11. c4 e4 12. dxe4 fxe4 13. Nd4 Bf6 14.
Be3 a6 15. Qc2 Qe8 16. Rae1 Qg6 17. Ne2 Be5 18. Ng3 Bf5 19. Qe2 Rae8 20. b4
Bg4 21. Qc2 Bxg3 22. fxg3 Rxf1+ 23. Rxf1 b6 24. Rf4 Bd7 25. c5 dxc5 26. bxc5
Bb5 27. cxb6 cxb6 28. b4 Bd3 29. Qc6 Qxc6 30. dxc6 b5 31. Bb6 e3 32. Rf1
Bxf1 33. Kxf1 e2+ 34. Ke1 Kf7 35. Bc5 Ke6 36. Kxe2 Kd5+ 37. Kd3 Kxc6 38. Bd4
g5 39. h4 gxh4 40. gxh4 h5 41. Bf6 Rg8 {White resigns} 0-1